 Dungeon Crawl Stone Soup version 0.15.0-16-gce31824 (console) character file.

662 gw the Twirler (level 7, -2/61 HPs)
             Began as a Minotaur Gladiator on Sept 6, 2014.
             Was an Initiate of Okawaru.
             Slain by an ice beast (10 damage)
             ... on Level 5 of the Dungeon.
             The game lasted 00:02:36 (5522 turns).

gw the Twirler (Minotaur Gladiator)                 Turns: 5522, Time: 00:02:36

HP  -2/61        AC  7     Str 18 (24) XL: 7   Next: 30%
MP   3/3         EV  7     Int  5      God: Okawaru [......]
Gold 0           SH  0     Dex 11 (13) Spells:  0 memorised,  6 levels left

rFire  . . .     SeeInvis .     a - +2 quarterstaff
rCold  . . .     Rnd*Rage +     k - +0 chain mail
rNeg   . . .     rCorr    .     (no shield)
rPois  .         rRot     .     h - +2 hat
rElec  .         Spirit   .     (no cloak)
SustAb .         Warding  .     (no gloves)
rMut   .         Stasis   .     (no boots)
Gourm  .                        (no amulet)
MR     +....                    (no ring)
                                j - ring of protection from magic

@: mighty, somewhat resistant to hostile enchantments, extremely unstealthy
A: retaliatory headbutt, horns 2, berserk 1, blink 1, deformed body,
deterioration 1
a: Blink, Renounce Religion


You were on level 5 of the Dungeon.
You worshipped Okawaru.
Okawaru was noncommittal.
You were not hungry.

You visited 2 branches of the dungeon, and saw 6 of its levels.

Inventory:

Hand weapons
 a - a +2 quarterstaff (weapon)
Missiles
 b - 7 tomahawks
 d - 3 throwing nets
 i - 100 stones (quivered)
Armour
 h - a +2 hat (worn)
 k - a +0 chain mail (worn)
Magical devices
 u - a wand of fire (5)
 v - a wand of frost (8)
Comestibles
 f - 4 bread rations
 g - a meat ration
 n - a slice of pizza
 o - a beef jerky
 p - 11 fruits
Scrolls
 e - a scroll of noise
 l - 7 scrolls of identify
 m - a scroll of recharging
 r - a scroll of remove curse
 t - a scroll of enchant armour
Jewellery
 j - a ring of protection from magic (left hand)
Potions
 c - a potion of lignification


   Skills:
 + Level 5.0 Fighting
 * Level 7.2 Staves
 + Level 3.8 Throwing
 + Level 3.5 Armour
 - Level 3.2 Dodging
 + Level 0.4 Invocations


You had 6 spell levels left.
You didn't know any spells.

Dungeon Overview and Level Annotations

Branches:
Dungeon (5/15)             Temple (1/1) D:4

Altars:
Ashenzari
Cheibriados
Kikubaaqudgha
Makhleb
Nemelex Xobeh
Okawaru
Qazlal
Sif Muna
Trog
Vehumet
Xom
Yredelemnul
Zin
The Shining One

Shops:
D:4 :


Innate Abilities, Weirdness & Mutations

You reflexively headbutt those who attack you in melee.
You have a pair of horns on your head.
You tend to lose your temper in combat.
You can translocate small distances at will.
Armour fits poorly on your strangely shaped body.
Your body is slowly deteriorating.


Message History

The ice beast hits you but does no damage.
ATTACKING (0,1)
You closely miss the ice beast.
The ice beast is moderately wounded.
The ice beast hits you. The ice beast freezes you.
ATTACKING (0,1)
You closely miss the ice beast.
The ice beast is moderately wounded.
The ice beast hits you. The ice beast freezes you!
ATTACKING (0,1)
You sock the ice beast!
The ice beast is severely wounded.
ATTACKING (0,1)
You closely miss the ice beast. You headbutt the ice beast.
The ice beast is almost dead.
The ice beast hits you. The ice beast freezes you!
Drink which item? (? for menu, Esc to quit)
You feel very mighty all of a sudden. The ice beast hits you.
The ice beast freezes you!
You die...

###......### .##
#..........#
...###.<........#
#..#..........##
#............#
###..).......#
#..........#
#..........#
##.<....H.##
#.....$...Y.(......
###.......(..#####
...>.....(....
###.......(..###
#..(...?...#
#..........#
##.......(## #..
..#


You could see an ice beast.

Table legend:
 A = Turns spent in this place as a percentage of turns spent in the entire game.
 B = Non-inter-level travel turns spent in this place as a percentage of non-inter-level travel turns spent in the entire game.
 C = Inter-level travel turns spent in this place as a percentage of turns spent in this place.
 D = Turns resting spent in this place as a percentage of non-inter-level travel turns spent in this place.
 E = Turns spent auto-exploring this place as a percentage of non-inter-level travel turns spent in this place.
 F = Non-inter-level travel turns spent in this place divided by the number of levels of this place that you've seen.
                   A       B       C       D       E      F
               +-------+-------+-------+-------+-------+----------------------
         Total | 100.0 | 100.0 |   1.5 |   5.8 |  17.6 | 206.8
       Dungeon |  97.9 |  97.9 |   1.5 |   5.8 |  17.4 | 243.0
        Temple |   2.1 |   2.1 |   3.7 |   7.7 |  30.8 |  26.0
               +-------+-------+-------+-------+-------+----------------------

Table legend:
 A = Kills in this place as a percentage of kills in entire the game.
 B = Kills by you in this place as a percentage of kills by you in the entire game.
 C = Kills by friends in this place as a percentage of kills by friends in the entire game.
 D = Other kills in this place as a percentage of other kills in the entire game.
 E = Experience gained in this place as a percentage of experience gained in the entire game.
 F = Experience gained in this place divided by the number of levels of this place that you have seen.
                   A       B       C       D       E      F
               +-------+-------+-------+-------+-------+----------------------
         Total | 100.0 | 100.0 |  -nan |  -nan | 100.0 | 157.7
       Dungeon | 100.0 | 100.0 |  -nan |  -nan | 100.0 | 189.2
               +-------+-------+-------+-------+-------+----------------------

Vanquished Creatures
  A phantom (D:4)
  A centaur (D:5)
  2 ogres (D:4)
  An orc priest (D:4)
  An iron imp (D:4)
  Natasha (thrice) (D:4)
  An orc wizard (D:4)
  2 worker ants
  Jessica (D:2)
  5 adders
  2 giant mites
  An inept item mimic (D:2)
  2 worms
  3 giant geckos
  2 oozes
  11 orcs
  A ball python (D:2)
  15 hobgoblins
  2 jackals (D:3)
  11 kobolds
  2 quokkas
  10 bats
  6 giant cockroaches
  6 giant newts
  7 goblins
  14 rats
  A rat skeleton (D:4)
114 creatures vanquished.

Notes
Turn   | Place    | Note
--------------------------------------------------------------
     0 | D:1      | gw, the Minotaur Gladiator, began the quest for the Orb.
     0 | D:1      | Reached XP level 1. HP: 18/18 MP: 1/1
   233 | D:1      | Reached XP level 2. HP: 16/25 MP: 1/1
   244 | D:1      | Reached skill level 4 in Staves
   952 | D:2      | Reached XP level 3. HP: 27/30 MP: 2/2
   982 | D:2      | Found an ancient bone altar of Kikubaaqudgha.
  1394 | D:2      | Reached skill level 1 in Armour
  1522 | D:2      | Reached XP level 4. HP: 35/38 MP: 2/2
  1653 | D:2      | Noticed Jessica
  1664 | D:2      | Killed Jessica
  1664 | D:2      | Reached skill level 5 in Staves
  1928 | D:2      | Gained mutation: Armour fits poorly on your strangely shaped body. [potion of mutation]
  1928 | D:2      | Gained mutation: You tend to lose your temper in combat. [potion of mutation]
  1928 | D:2      | Gained mutation: Your body is slowly deteriorating. [potion of mutation]
  2509 | D:3      | Reached XP level 5. HP: 36/46 MP: 2/2
  2602 | D:3      | Found a sparkling altar of Nemelex Xobeh.
  2827 | D:3      | Found a deep blue altar of Sif Muna.
  2837 | D:3      | Found a basalt altar of Yredelemnul.
  2957 | D:3      | Found a glowing silver altar of Zin.
  3562 | D:4      | Found a radiant altar of Vehumet.
  3701 | D:4      | Found Caishrav's Book Shop.
  3756 | D:4      | Reached skill level 6 in Staves
  3969 | D:4      | Noticed Natasha
  3973 | D:4      | Killed Natasha
  3973 | D:4      | Reached XP level 6. HP: 45/52 MP: 3/3
  4024 | D:4      | Noticed Natasha
  4030 | D:4      | Killed Natasha
  4106 | D:4      | Noticed Natasha
  4109 | D:4      | Killed Natasha
  4185 | D:4      | Noticed an ogre
  4192 | D:4      | Killed an ogre
  4379 | D:4      | Noticed a phantom
  4430 | D:4      | Killed a phantom
  4776 | D:4      | Noticed an ogre
  4782 | D:4      | Killed an ogre
  4782 | D:4      | Reached skill level 7 in Staves
  4782 | D:4      | Reached XP level 7. HP: 19/60 MP: 3/3
  5192 | D:4      | Found a staircase to the Ecumenical Temple.
  5197 | Temple   | Entered the Ecumenical Temple
  5205 | Temple   | Became a worshipper of Warmaster Okawaru
  5312 | Temple   | Gained mutation: You can translocate small distances at will. [potion of beneficial mutation]
  5477 | D:5      | Entered Level 5 of the Dungeon
  5483 | D:5      | Reached skill level 5 in Fighting
  5522 | D:5      | Slain by an ice beast

Action                   |  1- 3 |  4- 6 |  7- 9 || total
-------------------------+-------+-------+-------++-------
Melee: Quarterstaff      |    91 |   131 |    21 ||   243
Throw: Stone             |    56 |   174 |    16 ||   246
       Tomahawk          |    13 |       |       ||    13
Evoke: Wand              |       |     2 |       ||     2
  Use: Scroll            |     6 |     6 |     1 ||    13
       Potion            |     1 |     4 |     4 ||     9
  Eat: Chunk             |     2 |     6 |       ||     8
       Bread ration      |       |     1 |     1 ||     2

Vault maps used:
D:1:      dpeg_arrival_sounds_slurp, minmay_misc_feat_room
D:2:      overflow_temple_1_default, first_bread, kennysheep_jessica_study
D:3:      amethyst_overflow_temple_binary, nemelex_xobeh_ov_fountains_minmay,
          overflow_temple_1_default, serial_park_tiny_2, kennysheep_nondescript,
          minmay_misc_feat_secret_circle
D:4:      kennysheep_mini, minmay_temple_entry_nine_rooms, serial_shops,
          nicolae_shop_stone, uniq_natasha
D:5:      overflow_temple_1_default, nicolae_overflow_hidden_temple
Temple:   circular_temple_pool_8
